 Dungeon Sprint DCSS version 0.27.1-1-g398f81649c (webtiles) character file.

Game seed: 10690154475253496560

7384 styxcanada the Imperceptible (level 10, -1/56 HPs)
             Began as a Spriggan Brigand on Sept 17, 2021.
             Was an Initiate of Gozag.
             Slain by a spriggan defender (24 damage)
             ... in the Dungeon (Sprint IV: "Fedhas' Mad Dash").
             The game lasted 00:11:21 (1399 turns).

styxcanada the Imperceptible (Spriggan Brigand)     Turns: 1399, Time: 00:11:22

Health: -1/56      AC:  4    Str:  7    XL:     10   Next: 92%
Magic:  17/17      EV: 34    Int: 13    God:    Gozag
Gold:   1126       SH:  9    Dex: 32    Spells: 17/17 levels left

rFire    . . .     SeeInvis +   a - +4 dagger
rCold    . . .     Faith    .   r - +0 buckler
rNeg     . . .     Spirit   .   b - +0 robe
rPois    .         Reflect  .   (helmet restricted)
rElec    .         Harm     .   c - +1 cloak
rCorr    .         Rampage  .   (gloves unavailable)
Will     +....     NoTele   +   (boots unavailable)
Stlth    ++++++++++             l - amulet of invisibility {+Inv}
HPRegen  0.18/turn              n - +6 ring of dexterity
MPRegen  0.15/turn              m - +6 ring of dexterity

@: very slightly contaminated, studying Dodging, very quick
A: very small, no large weapons, unfitting armour, see invisible, speed 3
a: Renounce Religion, Evoke Invisibility, Potion Petition, Call Merchant, Bribe
Branch


You were in the Dungeon.
You worshipped Gozag.
Gozag was most pleased with you.
You visited 1 branch You collected 2543 gold pieces.
You spent 1417 gold pieces at shops.

Inventory:

Hand Weapons
 a - a +4 dagger (weapon)
Missiles
 d - 36 poisoned darts (quivered)
 e - 2 curare-tipped darts
Armour
 b - a +0 robe (worn)
 c - a +1 cloak (worn)
 r - a +0 buckler (worn)
Jewellery
 f - a +4 ring of protection
 j - an amulet of magic regeneration
 l - the amulet of invisibility (around neck) {+Inv}
   (You found it in the Dungeon)

   [amulet of nothing]

   +Inv:      It lets you turn invisible.
 m - a +6 ring of dexterity (right hand)
 n - a +6 ring of dexterity (left hand)
 o - a ring of resist corrosion
 p - a ring of poison resistance
Scrolls
 t - a scroll of identify
Potions
 h - a potion of haste
 i - 2 potions of magic
 v - a potion of might


   Skills:
 * Level 8.0 Fighting
 + Level 6.0 Short Blades
 + Level 4.1 Throwing
 * Level 12.2 Dodging
 * Level 26.1 Stealth
 * Level 2.3 Shields
 * Level 4.2 Spellcasting
 * Level 12.7 Evocations


You had 17 spell levels left.
You didn't know any spells.
Your spell library contained the following spells:

 Spells                   Type           Power      Damage    Failure   Level
 Sublimation of Blood     Necr           1%         N/A       41%         2
 Wereblood                Tmut           2%         N/A       41%         2
 Summon Forest            Summ/Tloc      1%         N/A       100%        5
 Eringya's Noxious Bog    Tmut/Pois      1%         N/A       100%        6
 Summon Hydra             Summ           1%         N/A       100%        7


Dungeon Overview and Level Annotations

Branches:
Dungeon (1/1)

Altars:
Cheibriados
Dithmenos
Elyvilon
Gozag
Hepliaklqana
Kikubaaqudgha
Makhleb
Nemelex Xobeh
Okawaru
Qazlal
Ru
Sif Muna
Trog
Uskayaw
Vehumet
Wu Jian
Xom
Yredelemnul
Zin
The Shining One
Beogh
Jiyva
Lugonu

Shops:
D (*(([=*!


Innate Abilities, Weirdness & Mutations

You are very small and have problems with some larger weapons.
You are too small for most types of armour.
You have supernaturally acute eyesight. (SInv)
You cover ground extremely quickly. (Speed+++)


Message History

The spriggan defender blocks the poisoned dart.
Throw: 42 darts (poison)
Press: ? - help, Q - select action, (/) - cycle Shift-Dir - straight line, f/p - spriggan defender
Aim: a spriggan defender, wielding a +2 demon whip of electrocution, wearing a +0 robe and wearing a +2 buckler (43% to hit)
You throw a poisoned dart.
The poisoned dart hits the spriggan defender!
The spriggan defender is poisoned.
Throw: 41 darts (poison)
Press: ? - help, Q - select action, (/) - cycle Shift-Dir - straight line, f/p - spriggan defender
Aim: a spriggan defender, wielding a +2 demon whip of electrocution, wearing a +0 robe and wearing a +2 buckler (very poisoned, 43% to hit)
You throw a poisoned dart.
The spriggan defender blocks the poisoned dart.
Throw: 40 darts (poison)
Press: ? - help, Q - select action, (/) - cycle Shift-Dir - straight line, f/p - spriggan defender
Aim: a spriggan defender, wielding a +2 demon whip of electrocution, wearing a +0 robe and wearing a +2 buckler (lightly wounded, very poisoned, 43% to hit)
You throw a poisoned dart.
The poisoned dart hits the spriggan defender!
The spriggan defender looks as sick as possible!
The spriggan defender is lightly wounded.
There is an open door here.
Throw: 39 darts (poison)
Press: ? - help, Q - select action, (/) - cycle Shift-Dir - straight line, f/p - spriggan defender
Aim: a spriggan defender, wielding a +2 demon whip of electrocution, wearing a +0 robe and wearing a +2 buckler (lightly wounded, very poisoned, 43% to hit)
You throw a poisoned dart.
The poisoned dart misses the spriggan defender.
The spriggan defender completely misses you.
Throw: 38 darts (poison)
Press: ? - help, Q - select action, (/) - cycle Shift-Dir - straight line, f/p - spriggan defender
Aim: a spriggan defender, wielding a +2 demon whip of electrocution, wearing a +0 robe and wearing a +2 buckler (lightly wounded, very poisoned, 43% to hit)
You throw a poisoned dart.
The spriggan defender blocks the poisoned dart.
The spriggan defender barely misses you.
Throw: 37 darts (poison)
Press: ? - help, Q - select action, (/) - cycle Shift-Dir - straight line, f/p - spriggan defender
Aim: a spriggan defender, wielding a +2 demon whip of electrocution, wearing a +0 robe and wearing a +2 buckler (lightly wounded, very poisoned, 43% to hit)
You throw a poisoned dart.
The spriggan defender blocks the poisoned dart.
The spriggan defender hits you with a +2 demon whip of electrocution!!
You die...
Your body crumbles into a pile of gold.

#<..P#.....#.....#.⌠._._
#PP..'.....'.#...'.._._.
#PPPP#...†.#.#...#..._._
###############'##.._._.
#...♣........'...#._._._
#......♣.....#...#######
#.....♣..♣..######♣♣♣♣♣.
##'####'######..'())(..♣
#..#...@i.....(.#♣..♣♣♣.
#.[#..###.......#.♣♣..♣.
####### ################
. .


You could see a spriggan defender (very poisoned).

Vanquished Creatures
  Agnes (D)
  A spriggan berserker (D)
  A spriggan druid (D)
  6 oklob plants (D)
  A demonic crawler (D)
  3 burning bushes (D)
  A queen bee (D)
  A hornet (D)
  3 wandering mushrooms (D)
  3 scorpions (D)
  4 killer bees (D)
  5 oklob saplings (D)
  5 spriggans (D)
  A river rat (D)
  A rat (D)
  A ballistomycete spore (D)
38 creatures vanquished.

Notes
Turn   | Place    | Note
-------+----------+-------------------------------------------
     0 | D        | styxcanada the Spriggan Brigand began the quest for the
                  | Orb.
     0 | D        | Reached XP level 1. HP: 10/10 MP: 2/2
     9 | D        | Reached skill level 7 in Stealth
     9 | D        | Reached XP level 2. HP: 15/15 MP: 3/3
    16 | D        | Reached skill level 8 in Stealth
    23 | D        | Noticed an oklob sapling
    25 | D        | Killed an oklob sapling
    26 | D        | Reached skill level 10 in Stealth
    26 | D        | Reached XP level 3. HP: 18/18 MP: 4/4
    27 | D        | Noticed a scorpion
    27 | D        | Found the amulet of invisibility {+Inv}
    29 | D        | Killed a scorpion
    30 | D        | Reached skill level 12 in Stealth
    30 | D        | Reached XP level 4. HP: 23/23 MP: 5/5
    52 | D        | Found an opulent altar of Gozag.
    52 | D        | Found a hazy altar of Hepliaklqana.
    52 | D        | Found a burning altar of Makhleb.
    52 | D        | Found a sparkling altar of Nemelex Xobeh.
    52 | D        | Found a snail-covered altar of Cheibriados.
    52 | D        | Found a sacrificial altar of Ru.
    52 | D        | Found a shimmering blue altar of Sif Muna.
    52 | D        | Found a shimmering altar of Xom.
    52 | D        | Found a basalt altar of Yredelemnul.
    53 | D        | Found a viscous altar of Jiyva.
    53 | D        | Found a bloodstained altar of Trog.
    53 | D        | Found an ornate altar of the Wu Jian Council.
    54 | D        | Found an iron altar of Okawaru.
    54 | D        | Found a shadowy altar of Dithmenos.
    54 | D        | Found a glowing silver altar of Zin.
    55 | D        | Found an ancient bone altar of Kikubaaqudgha.
    55 | D        | Found a hide-covered altar of Uskayaw.
    56 | D        | Found a stormy altar of Qazlal.
    56 | D        | Found a white marble altar of Elyvilon.
    56 | D        | Found a glowing golden altar of the Shining One.
    57 | D        | Became a worshipper of Gozag Ym Sagoz the Greedy
    58 | D        | Found a corrupted altar of Lugonu.
    58 | D        | Found a radiant altar of Vehumet.
    62 | D        | Reached skill level 13 in Stealth
    62 | D        | Reached XP level 5. HP: 28/28 MP: 3/6
   124 | D        | Reached skill level 5 in Dodging
   124 | D        | Reached skill level 14 in Stealth
   124 | D        | Reached skill level 1 in Evocations
   180 | D        | Reached skill level 15 in Stealth
   182 | D        | Reached skill level 16 in Stealth
   182 | D        | Reached XP level 6. HP: 33/33 MP: 4/7
   197 | D        | Found Donom's General Store.
   197 | D        | Found Peunk's Weapon Emporium.
   204 | D        | Bought 18 poisoned darts for 72 gold pieces
   234 | D        | Noticed a burning bush
   234 | D        | Noticed a wandering mushroom
   236 | D        | Noticed a wandering mushroom
   256 | D        | Killed a wandering mushroom
   257 | D        | Reached skill level 17 in Stealth
   280 | D        | Killed a wandering mushroom
   281 | D        | Reached skill level 18 in Stealth
   281 | D        | Reached XP level 7. HP: 11/38 MP: 6/8
   516 | D        | Killed a burning bush
   517 | D        | Reached skill level 5 in Fighting
   517 | D        | Reached skill level 19 in Stealth
   517 | D        | Reached skill level 5 in Evocations
   524 | D        | Found Qowiusch's Jewellery Emporium.
   524 | D        | Found Fekhujall's Armour Shoppe.
   541 | D        | Bought a +6 ring of dexterity for 585 gold pieces
   670 | D        | Noticed a queen bee
   677 | D        | Killed a queen bee
   678 | D        | Reached skill level 20 in Stealth
   678 | D        | Reached XP level 8. HP: 44/44 MP: 7/9
   740 | D        | Noticed an oklob plant
   743 | D        | Killed an oklob plant
   744 | D        | Reached skill level 21 in Stealth
   757 | D        | Noticed a burning bush
   760 | D        | Killed a burning bush
   812 | D        | Noticed a burning bush
   812 | D        | Noticed an oklob plant
   813 | D        | Noticed a wandering mushroom
   814 | D        | Killed a burning bush
   815 | D        | Reached skill level 22 in Stealth
   815 | D        | Reached XP level 9. HP: 49/49 MP: 7/10
   819 | D        | Killed an oklob plant
   820 | D        | Reached skill level 5 in Short Blades
   823 | D        | Killed a wandering mushroom
   824 | D        | Reached skill level 10 in Dodging
   824 | D        | Reached skill level 23 in Stealth
   873 | D        | Noticed a spriggan druid
   875 | D        | Killed a spriggan druid
   876 | D        | Reached skill level 10 in Evocations
   914 | D        | Noticed an oklob plant conjurer
   915 | D        | Killed an oklob plant conjurer
   916 | D        | Reached skill level 24 in Stealth
   969 | D        | Noticed an oklob plant
   969 | D        | Noticed an oklob plant summoner
   970 | D        | Noticed an oklob plant shifter
   974 | D        | Killed an oklob plant
   975 | D        | Reached XP level 10. HP: 55/55 MP: 8/11
   976 | D        | Killed an oklob plant summoner
   979 | D        | Killed an oklob plant shifter
  1042 | D        | Reached skill level 1 in Spellcasting
  1044 | D        | Noticed a spriggan rider
  1045 | D        | Found Niyffyargh's General Store.
  1049 | D        | Reached skill level 25 in Stealth
  1102 | D        | Reached skill level 1 in Shields
  1198 | D        | Found Rimm's Distillery.
  1215 | D        | Bought a scroll of acquirement for 624 gold pieces
  1215 | D        | Bought a scroll of identify for 24 gold pieces
  1215 | D        | Bought 13 poisoned darts for 62 gold pieces
  1217 | D        | Bought a potion of degeneration for 10 gold pieces
  1217 | D        | Bought a potion of might for 40 gold pieces
  1219 | D        | Acquired a manual of Dodging
  1340 | D        | Noticed Agnes
  1342 | D        | Found Agutat's Antique Weapon Emporium.
  1342 | D        | Noticed a spriggan berserker
  1344 | D        | Found Mefasin's Antique Weapon Shoppe.
  1346 | D        | Killed Agnes
  1350 | D        | Killed a spriggan berserker
  1351 | D        | Reached skill level 26 in Stealth
  1357 | D        | Noticed a spriggan defender
  1399 | D        | Slain by a spriggan defender

Illustrated notes

Levels and vault maps discovered:
D:        dungeon_sprint_fedhas [sprint_temple]

Skill      XL: |  1  2  3  4  5  6  7  8  9 10 |
---------------+-------------------------------+-----
Dodging        | 2 4 5 7 8 9 10 12 | 12.2
Stealth        | 7 10 12 13 16 18 20 22 24 26 | 26.1
Fighting       | 2 3 4 5 6 7 8 |  8.0
Short Blades   | 3 4 5 6 |  6.0
Evocations     | 2 4 6 8 10 12 | 12.7
Throwing       | 3 4 |  4.1
Spellcasting   | 4 |  4.2
Shields        | 2 |  2.3

Action                   |  1- 3 |  4- 6 |  7- 9 | 10-12 || total
-------------------------+-------+-------+-------+-------++-------
Melee: Dagger            |    10 |    29 |    21 |     8 ||    68
Throw: Dart              |       |       |       |    28 ||    28
 Abil: Evoke Invisibilit |       |     5 |     6 |     2 ||    13
  Use: Potion            |       |     1 |     1 |     2 ||     4
       Scroll            |       |       |     2 |     3 ||     5
 Stab: Sleeping          |     3 |     5 |    15 |     5 ||    28
       Invisible         |       |     5 |     1 |     1 ||     7
       Distracted        |       |       |     1 |     1 ||     2
Armor: Robe              |     1 |     1 |       |       ||     2
       Skin              |       |       |       |     2 ||     2
Dodge: Dodged            |     5 |    19 |     3 |    10 ||    37
Block: Buckler           |       |       |       |     7 ||     7
